[Event "Live Chess"]
[Site "Chess.com"]
[Date "2024.06.02"]
[Round "-"]
[White "ShanthamGrarks"]
[Black "Frankie_Badacsonyi"]
[Result "0-1"]
[WhiteElo "1929"]
[BlackElo "2400"]
[TimeControl "300"]
[EndTime "3:07:14 PDT"]
[Termination "Frankie_Badacsonyi won by resignation"]

1. d4 d5 2. Nc3 Nf6 3. f3 c5 4.
dxc5 e6 5. Bg5 Bxc5 6. e4 d4 7. Nb5 Nc6 8. Bd3 a6 9. Na3 Be7 10. Nc4 O-O 11. Ne2 b5 12. Nd2 h6 13. Bh4 Bb7 14. f4 Rc8 15. Nf3 Nb4 16. Nexd4 Nxe4 17. Bxe7 Qxe7 18. c3 Nxd3+ 19. Qxd3 Nc5 20. Qe2 Qf6 21. Ne5 Qxf4 22. Rf1 Qe4 23. Qxe4 Bxe4 24. g4 f6 25. Nef3 e5 26. Nf5 Bxf5 27. gxf5 Nd3+ 28.
Ke2 Nxb2 29. Nh4 Na4 30. Ng6 Rfd8 31. Ne7+ Kf7 32. Nxc8 Rxc8 33. Kf2 Nxc3 34. a3 Rc4 35. Rac1 a5 36. Kg2 b4 37. axb4 axb4 38. Rf3 Rd4 39. Ra1 Rd7 40. h4 Rb7 41. h5 Nd5 42. Rb3 Rc7 43.
Rd1 Rc5 44. Kf3 Ke7 45. Rg1 Kf8 46. Ra1 Rc7 47. Ra5 Ne7 48. Rxb4 Nxf5 49. Rb8+ Kf7 50. Raa8 Ne7 51. Rf8+ Ke6 52. Ra6+ Kf5 53. Rf7 Nd5 54.
Rxg7 Rxg7 55. Rxf6+ Nxf6 0-1

[Event "Live Chess"]
[Site "Chess.com"]
[Date "2024.06.02"]
[Round "-"]
[White "CarmelJane"]
[Black "oscalik"]
[Result "1-0"]
[WhiteElo "2064"]
[BlackElo "2232"]
[TimeControl "300"]
[EndTime "3:07:36 PDT"]
[Termination "CarmelJane won by resignation"]

1. Nf3 Nf6 2. b3 d5 3. Bb2 e6 4. e3 Be7 5. g3 O-O 6. Bg2 b6 7. O-O Bb7 8. d4 c5 9. Nbd2 Nc6 10. Ne5 Nxe5 11. dxe5 Nd7 12. c4 f6 13. cxd5 Nxe5 14. Nc4 Nxc4 15. bxc4 e5 16. Bh3 Bc8 17. Bxc8 Rxc8 18. Qg4 Bd6 19. a4 f5 20. Qh5 g6 21.
Qh6 Rf7 22. f4 Qe8 23. a5 exf4 24. exf4 Qe3+ 25. Kh1 Qe4+ 26. Kg1 Qe3+ 27. Kh1 Re8 28. axb6 axb6 29. Be5 Qe4+ 30. Kg1 Bxe5 31. fxe5 Qxe5 32. Qd2 Rfe7 33. d6 Rd7 34. Rae1 Qd4+ 35. Qxd4 cxd4 36. Rxe8+ Kf7 37. Re7+ Rxe7 38. dxe7 Kxe7 39. Rd1 Ke6 40. Rxd4 g5 41. Rd5 h6 42. Kf2 h5 43.
Kf3 h4 44. gxh4 gxh4 45. Kf4 b5 46. Rxb5 Kd6 47. Rxf5 h3 48. Rh5 Kc6 49. Rxh3 Kd6 50. Rh5 Kc6 51. Rg5 Kc7 52. h4 Kd7 53. h5 Ke6 54. h6 Kf6 55. h7 Kf7 56. h8=Q Ke6 57. Qh6+ 1-0

[Event "Live Chess"]
[Site "Chess.com"]
[Date "2024.06.02"]
[Round "-"]
[White "WeakOldFinished"]
[Black "Ocelot32"]
[Result "1-0"]
[WhiteElo "2139"]
[BlackElo "1352"]
[TimeControl "300"]
[EndTime "3:07:39 PDT"]
[Termination "WeakOldFinished won by resignation"]

1. d4 Nf6 2. c4 e6 3. Nc3 d5 4. cxd5 exd5 5. Bg5 c6 6. e3 Be7 7. Qc2 O-O 8. Bd3 h6 9. Bf4 Be6 10. h3 Nbd7 11. Nf3 Re8 12. g4 c5 13. g5 c4 14.
gxf6 cxd3 15. fxe7 dxc2 16. exd8=Q Raxd8 17. Rc1 Bf5 18. Kd2 Nf6 19. Ne1 Ne4+ 20. Nxe4 Bxe4 21. f3 Bg6 22.
Nxc2 Bh5 23. Rhg1 Kf8 24. Rgf1 Rd7 25. Nb4 Rde7 26. Nxd5 Re6 27. Nc7 1-0

[Event "Live Chess"]
[Site "Chess.com"]
[Date "2024.06.02"]
[Round "-"]
[White "dmitro74"]
[Black "Purple1szed"]
[Result "0-1"]
[WhiteElo "1735"]
[BlackElo "2073"]
[TimeControl "300"]
[EndTime "3:07:50 PDT"]
[Termination "Purple1szed won by resignation"]

1. d4 d5 2. c4 c6 3. Nc3 Nf6 4. Nf3 dxc4 5. a4 Bf5 6. e3 e6 7. Bxc4 Bb4 8. O-O O-O 9. Bd2 a5 10. Re1 c5 11. dxc5 Bxc5 12. e4 Bg6 13. Bg5 Nc6 14. Qe2 Qb6 15. Be3 Bxe3 16. Qxe3 Qxe3 17. Rxe3 Rfd8 18. Kf1 Nb4 19. Bb3 Rd7 20. Ke2 Rad8 21.
Rd1 Rxd1 22. Bxd1 Ng4 23. h3 Nxe3 24. Kxe3 f5 25. Ne5 fxe4 26. Nxg6 hxg6 27. Be2 Nd5+ 28. Kxe4 Nxc3+ 29. bxc3 Rd2 30. Ke3 Ra2 31. Bc4 Rxa4 32. Bxe6+ Kf8 33. c4 Ra1 34. f4 a4 35. Bd5 a3 36. c5 a2 37. Bxa2 Rxa2 38. g4 Ra3+ 39. Kd4 Rxh3 40. Kd5 Rg3 41. f5 Rxg4 42. fxg6 Rxg6 0-1

[Event "Live Chess"]
[Site "Chess.com"]
[Date "2024.06.02"]
[Round "-"]
[White "Brooms1989"]
[Black "TigerTank70"]
[Result "0-1"]
[WhiteElo "1209"]
[BlackElo "2221"]
[TimeControl "300"]
[EndTime "3:08:18 PDT"]
[Termination "TigerTank70 won by resignation"]

1. e4 e5 2. Nc3 Nc6 3. Bc4 d6 4.
d3 Be7 5. f4 Bh4+ 6. g3 Bf6 7.
Nf3 exf4 8. Bxf4 Nge7 9. O-O Bh3 10. Rf2 Ng6 11. Be3 Nce5 12. Nxe5 Nxe5 13. Rd2 O-O 14. Nd5 Bg5 15. Bxg5 Qxg5 16. Nf4 Bg4 17. Qf1 Nf3+ 0-1

[Event "Live Chess"]
[Site "Chess.com"]
[Date "2024.06.02"]
[Round "-"]
[White "Bodhanas"]
[Black "RichardABates"]
[Result "1-0"]
[WhiteElo "2266"]
[BlackElo "2335"]
[TimeControl "300"]
[EndTime "3:08:45 PDT"]
[Termination "Bodhanas won by checkmate"]

1. e4 c5 2. Nc3 Nc6 3. f4 g6 4. Nf3 Bg7 5. a4 e6 6. e5 d6 7. Bb5 dxe5 8. fxe5 Bd7 9. Ne4 Nxe5 10. Nd6+ Ke7 11.
Nxe5 Bxe5 12. Nc4 Bg7 13. d3 h6 14. Be3 b6 15. Qf3 Nf6 16. O-O Bxb5 17. axb5 Qd5 18. Qe2 Rhd8 19. Bd2 Kf8 20. Bc3 Nh5 21. Bxg7+ Kxg7 22. Rf2 g5 23. Qxh5 f5 24. Qe2 Re8 25. Re1 Rad8 26.
Qe5+ Qxe5 27. Rxe5 Kf6 28. Rfe2 Rd4 29. g3 g4 30. Kg2 h5 31. Kf2 h4 32. Ke1 Re7 33. Kd2 Rd8 34. Kc3 Rh8 35. Re1 hxg3 36. hxg3 Rh3 37.
R5e3 Rh2 38. Ne5 Rg2 39. Rf1 Kg5 40. Nc6 Rh7 41. Rxe6 Rhh2 42. Kc4 Rxc2+ 43. Kd5 Rhd2 44. Ne5 Rxb2 45. Rg6+ Kh5 46. Rxf5# 1-0

[Event "Live Chess"]
[Site "Chess.com"]
[Date "2024.06.02"]
[Round "-"]
[White "Duke_of_Bebington"]
[Black "SimonB4a"]
[Result "0-1"]
[WhiteElo "1636"]
[BlackElo "2186"]
[TimeControl "300"]
[EndTime "3:08:53 PDT"]
[Termination "SimonB4a won by checkmate"]

1. e4 e6 2. d4 d5 3. Nd2 Nf6 4. Bd3 c5 5. c3 Nc6 6. e5 Nd7 7. Ne2 cxd4 8. cxd4 f6 9. Nf4 Nxd4 10. Qh5+ Ke7 11.
Ng6+ hxg6 12. exf6+ Nxf6 13. Qxh8 Kf7 14. O-O e5 15. Qh4 Bd6 16. Bb1 Qc7 17. h3 Bf5 18. Bxf5 Nxf5 19. Qa4 Nd4 20. Nb3 Ne2+ 21. Kh1 Rh8 22. Bg5 Qc8 23. g4 Ne4 24. f4 Rxh3+ 25. Kg2 Qxg4# 0-1

[Event "Live Chess"]
[Site "Chess.com"]
[Date "2024.06.02"]
[Round "-"]
[White "AlexanderMatlak"]
[Black "blunderabit"]
[Result "1-0"]
[WhiteElo "2390"]
[BlackElo "1757"]
[TimeControl "300"]
[EndTime "3:08:55 PDT"]
[Termination "AlexanderMatlak won on time"]

1. c4 e5 2. Nc3 Bb4 3. Nd5 Be7 4. Nf3 c6 5. Nxe7 Qxe7 6. d3 d6 7. g3 a5 8. Bg2 Nf6 9. O-O O-O 10. b3 Nbd7 11.
a3 Nc5 12. Bb2 Bg4 13. b4 axb4 14. axb4 Ncd7 15. Qc2 Rfe8 16. h3 Bh5 17. b5 c5 18.
g4 Bg6 19. Nh4 Nb6 20. Nxg6 hxg6 21. Bc3 Rxa1 22. Rxa1 e4 23. Ra7 exd3 24. exd3 Rb8 25. Qb2 Kh7 26. Bf3 Kg8 27. Kg2 Kh7 28. Ra1 Re8 29. Re1 Qd7 30. Rxe8 Nxe8 31. Qe2 Nf6 32.
Bxf6 gxf6 33. Qe4 d5 34. cxd5 Nc8 35. Qf4 Qd6 36. Qe3 Ne7 37. Qe4 f5 38. Qc4 fxg4 39. hxg4 Kg7 40. d4 cxd4 41. Qxd4+ Kg8 42. b6 Nc8 43. Qe3 Nxb6 44. Qe8+ Kg7 45. Qe4 Kg8 46. Qd4 1-0

[Event "Live Chess"]
[Site "Chess.com"]
[Date "2024.06.02"]
[Round "-"]
[White "NottheBishopSacrifice"]
[Black "matt1979"]
[Result "1-0"]
[WhiteElo "2312"]
[BlackElo "1408"]
[TimeControl "300"]
[EndTime "3:09:19 PDT"]
[Termination "NottheBishopSacrifice won on time"]

1. Nf3 f5 2. g3 Nf6 3. Bg2 e6 4.
O-O Be7 5. b3 d6 6. Bb2 O-O 7.
c4 e5 8. d3 Nbd7 9. Nc3 c6 10. Ng5 Nb6 11. a4 h6 12. Nf3 Be6 13. Nh4 Qe8 14. a5 Nbd7 15. a6 bxa6 16. Bxc6 Rc8 17.
Bb7 Rc7 18. Bxa6 Nc5 19. Bb5 Qh5 20. b4 Ncd7 21. Nf3 f4 22. Ne4 Nxe4 23. dxe4 fxg3 24. fxg3 Bg4 25. Qd5+ Kh8 26. Ra3 Nf6 27. Qd3 Bh3 28.
Rfa1 Ng4 29. Rxa7 Rxa7 30. Rxa7 Bd8 31. c5 dxc5 32. bxc5 Bg5 33. Ra3 Be3+ 34. Qxe3 Nxe3 35. Rxe3 Bg4 36. Kg2 Bh3+ 37. Kg1 Bg4 38. c6 Rd8 39. Rd3 Rxd3 40. Bxd3 Bxf3 41. exf3 Qxf3 42. c7 Qe3+ 43.
Kg2 Qc5 44. Bxe5 Kg8 45. Ba6 Qc2+ 46. Kh3 Qxe4 47. c8=Q+ Kh7 48. Qc7 Qf5+ 49. Kg2 Qe4+ 50. Kf2 Qf5+ 51. Ke3 Qg5+ 52. Kd4 Qd2+ 53. Bd3+ 1-0

[Event "Live Chess"]
[Site "Chess.com"]
[Date "2024.06.02"]
[Round "-"]
[White "Bradfield133"]
[Black "Kyrylo7770"]
[Result "1-0"]
[WhiteElo "1872"]
[BlackElo "1615"]
[TimeControl "300"]
[EndTime "3:09:41 PDT"]
[Termination "Bradfield133 won by checkmate"]

1. c4 c6 2. Qa4 d5 3. cxd5 Qxd5 4. Nf3 Nf6 5. g3 Bg4 6. Bg2 e6 7. O-O Qd8 8. d3 Bd6 9. Nbd2 O-O 10. a3 Nbd7 11.
Rb1 Nb6 12. Qc2 Nfd5 13. b4 h5 14. e4 Nc7 15. d4 Bxf3 16. Nxf3 Be7 17. Bb2 Bf6 18.
Rbd1 h4 19. gxh4 Bxh4 20. Nxh4 Qxh4 21. Rd3 Nb5 22. Rh3 Qg5 23. Rg3 Qf4 24. d5 cxd5 25.
Rxg7+ Kh8 26. Rg4+ e5 27. Rxf4 d4 28. Rf5 f6 29. Qe2 Kg7 30. Qg4+ Kf7 31. Qh5+ Ke6 32. Bh3 Rg8+ 33. Kh1 Ke7 34. Qh7+ Kd6 35. Rxf6# 1-0

[Event "Live Chess"]
[Site "Chess.com"]
[Date "2024.06.02"]
[Round "-"]
[White "NeilDruggan73"]
[Black "vincents82"]
[Result "0-1"]
[WhiteElo "1693"]
[BlackElo "2014"]
[TimeControl "300"]
[EndTime "3:09:42 PDT"]
[Termination "vincents82 won by checkmate"]

1. d4 d5 2. Bg5 f6 3. Bd2 c5 4. e4 dxe4 5. dxc5 e5 6. Nc3 Bf5 7. Bb5+ Nc6 8. Qe2 Bxc5 9. O-O-O Qb6 10. Nd5 Qd8 11. Bc3 Bd4 12. Bxd4 Qxd5 13. Bc4 Nxd4 14.
Bxd5 Nxe2+ 15. Nxe2 Ne7 16. Bxb7 Rb8 17. Ba6 O-O 18. Nc3 Kh8 19. h3 Rb6 20. Bc4 Rc8 21.
Bb3 Nc6 22. g4 Bg6 23. Nd5 Rbb8 24. Ba4 Nd4 25. Ne7 Rc4 26. Nxg6+ hxg6 27. Bb3 Nxb3+ 28. axb3 Rxb3 29. Rd8+ Kh7 30. c3 a5 31. Kc2 Rb7 32. Rhd1 Rcc7 33. Ra8 Ra7 34. Rdd8 g5 35. Rh8+ Kg6 36.
Rag8 a4 37. h4 gxh4 38. Rxh4 a3 39. bxa3 Rxa3 40. Rh3 Ra2+ 41. Kb3 Rxf2 42. Rf8 Rf3 43. Rh4 Rfxc3+ 44. Kb4 Rc1 45. g5 Rb7+ 46. Ka3 Ra1# 0-1

[Event "Live Chess"]
[Site "Chess.com"]
[Date "2024.06.02"]
[Round "-"]
[White "juniortay"]
[Black "DJ_Lambton"]
[Result "1-0"]
[WhiteElo "2380"]
[BlackElo "1778"]
[TimeControl "300"]
[EndTime "3:09:59 PDT"]
[Termination "juniortay won by resignation"]

1. e4 c6 2. Nf3 d5 3. exd5 cxd5 4.
Ne5 Nf6 5. d4 Nc6 6. Bb5 Bf5 7.
O-O e6 8. c4 Qc7 9. Qa4 Rc8 10.
Qxa7 Bd6 11. c5 Bxe5 12. dxe5 Nd7 13. Bxc6 Qxc6 14. Bf4 Nxc5 15. Rc1 O-O 16. b4 Qa6 17. Qxc5 Rxc5 18. bxc5 Rc8 19. Nd2 Qd3 20. Nb3 h6 21.
Be3 Qe4 22. Bd4 Bg6 23. Rc3 Bh5 24. Rac1 Qf5 25. h3 Be2 26. Re3 Bc4 27. Na5 Qf4 28. Rd1 Bxa2 29. Nxb7 Bc4 30. Nd6 Rd8 31. c6 Ba6 32. Ra3 Bc8 33. Ra8 Qg5 34. Rxc8 Rxc8 35. Nxc8 Qd8 36. Nd6 Qc7 37. Nb7 Kf8 38. Rc1 Ke7 39.
Bc5+ Ke8 40. Bd6 Qc8 41. c7 Kd7 42. Nc5+ Ke8 43. Rb1 1-0

[Event "Live Chess"]
[Site "Chess.com"]
[Date "2024.06.02"]
[Round "-"]
[White "slava_ukr"]
[Black "LL220284LL"]
[Result "1-0"]
[WhiteElo "2425"]
[BlackElo "2500"]
[TimeControl "300"]
[EndTime "3:10:12 PDT"]
[Termination "slava_ukr won by checkmate"]

1. e4 c6 2. d4 g6 3. Nd2 Bg7 4.
Ngf3 d6 5. Bd3 Nd7 6. O-O e5 7. c3 Ngf6 8. dxe5 Nxe5 9. Be2 O-O 10. Nd4 Re8 11. h3 Ned7 12. Qc2 Qc7 13. f4 Nc5 14.
Bf3 a5 15. b3 Ne6 16. Nxe6 Bxe6 17. Bb2 a4 18. c4 axb3 19. axb3 Qb6+ 20. Kh1 Rxa1 21. Bxa1 Bc8 22. Qd3 Qc7 23. e5 dxe5 24.
Bxe5 Qe7 25. Qc3 Rd8 26. b4 Ne8 27. Bxg7 Nxg7 28. Ne4 Ne8 29. g4 f5 30. Ng5 fxg4 31. hxg4 Qf6 32. Qe3 Ng7 33. b5 Re8 34. Qd2 h6 35.
bxc6 hxg5 36. cxb7 Bxb7 37. Bxb7 gxf4 38. Bd5+ Ne6 39.
Qxf4 Qh4+ 40. Kg2 Kh8 41. Bxe6 Rxe6 42. Qf8+ Kh7 43. Rf7# 1-0

[Event "Live Chess"]
[Site "Chess.com"]
[Date "2024.06.02"]
[Round "-"]
[White "seasidecastle27"]
[Black "JohanKjeldahl"]
[Result "1/2-1/2"]
[WhiteElo "1927"]
[BlackElo "1808"]
[TimeControl "300"]
[EndTime "3:10:27 PDT"]
[Termination "Game drawn by repetition"]

1. d4 Nf6 2. Nf3 d6 3. Bf4 g6 4. Nbd2 Bg7 5. e4 c6 6. Bd3 O-O 7. Qe2 Nbd7 8. h3 Qc7 9. c3 e5 10. dxe5 dxe5 11. Bh2 Nh5 12. Nc4 Nf4 13. Bxf4 exf4 14.
O-O-O b5 15. Ncd2 Ne5 16. Nxe5 Bxe5 17. Nf3 Bg7 18. h4 Be6 19. h5 Bxa2 20. hxg6 fxg6 21. Ng5 Qa5 22. Nxh7 Rfd8 23. e5 Bb3 24. Nf6+ Kf7 25. Ne4 Bxd1 26. Rxd1 Bxe5 27. Ng5+ Kf6 28. Nh7+ Ke6 29.
Ng5+ Kf6 30. Nh7+ Ke6 31. Ng5+ Kf6 1/2-1/2

[Event "Live Chess"]
[Site "Chess.com"]
[Date "2024.06.02"]
[Round "-"]
[White "Delacorta"]
[Black "raclement"]
[Result "0-1"]
[WhiteElo "1516"]
[BlackElo "1734"]
[TimeControl "300"]
[EndTime "3:10:41 PDT"]
[Termination "raclement won on time"]

1. d4 c5 2. Nf3 cxd4 3. Nxd4 g6 4. Bf4 e5 5. Bxe5 Qa5+ 6. Nc3 Qxe5 7. Qd2 Bg7 8. Nf3 Qc7 9. Qe3+ Ne7 10. Nd5 Qd6 11.
O-O-O Nc6 12. Nb6 Qb8 13. Nxa8 Qxa8 14. g3 O-O 15. Bg2 Qb8 16. Kb1 Nf5 17. Qf4 Qxf4 18. gxf4 d6 19. Bh3 Re8 20. e3 Be6 21. Ng5 Bc4 22. Bxf5 gxf5 23. Rxd6 Be2 24. Re1 Bh5 25. Rd7 b6 26. e4 fxe4 27. Rxe4 Rxe4 28. Nxe4 Bg6 29. Nd6 Bd4 30. Kc1 Bxf2 31. f5 Bh5 32.
f6 Bh4 33. Ne4 h6 34. Rc7 Nd4 35. Rc8+ Kh7 36. Rd8 Ne2+ 37. Kd2 Nf4 38. Rd7 Ne6 39. Nd6 Kg8 40. Rxa7 Bxf6 41. Ne8 Bg5+ 42. Kc3 Nc5 43. Ra8 Ne4+ 44. Kb3 Kh7 45. Nc7 Nd2+ 0-1

[Event "Live Chess"]
[Site "Chess.com"]
[Date "2024.06.02"]
[Round "-"]
[White "Frankie_Badacsonyi"]
[Black "ACM42"]
[Result "0-1"]
[WhiteElo "2387"]
[BlackElo "2177"]
[TimeControl "300"]
[EndTime "3:10:46 PDT"]
[Termination "ACM42 won by resignation"]

1. d4 Nf6 2. c4 g6 3. Nc3 Bg7 4.
e4 O-O 5. h3 d6 6. Be3 Nc6 7. Nf3 e5 8. d5 Ne7 9. Nd2 Nh5 10. g3 f5 11. exf5 Nxf5 12. Nde4 Nxe3 13. fxe3 Bh6 14. Qd2 Bf5 15. Be2 Nf6 16. Bd3 Nxe4 17. Nxe4 Bxe4 18. Bxe4 Qg5 19. g4 Qh4+ 20. Kd1 Rf2 0-1

[Event "Live Chess"]
[Site "Chess.com"]
[Date "2024.06.02"]
[Round "-"]
[White "McFim"]
[Black "Ferrarifan27"]
[Result "0-1"]
[WhiteElo "1701"]
[BlackElo "2140"]
[TimeControl "300"]
[EndTime "3:10:48 PDT"]
[Termination "Ferrarifan27 won by resignation"]

1. e4 e5 2. Nf3 Nc6 3. Bb5 a6 4. Ba4 Nf6 5. O-O Be7 6. Re1 b5 7. Bb3 O-O 8. c3 d5 9. exd5 Nxd5 10. Nxe5 Nxe5 11. Rxe5 c6 12. d4 Bd6 13. Re1 Qh4 14. g3 Qh3 15. Qf3 Bg4 16. Qg2 Qh5 17. Be3 Rfe8 18. Nd2 Re7 19. Bxd5 cxd5 20. f3 Bh3 21.
Qh1 Rae8 22. Bf2 Rxe1+ 23. Rxe1 Rxe1+ 24. Bxe1 Qf5 25. Kf2 Qc2 26. f4 Be6 27. Qf3 g6 28.
Kg1 Qxb2 29. Nf1 Qxa2 30. g4 Qb1 31. Nd2 Qxe1+ 0-1

[Event "Live Chess"]
[Site "Chess.com"]
[Date "2024.06.02"]
[Round "-"]
[White "resipsa6"]
[Black "booktrunk"]
[Result "1/2-1/2"]
[WhiteElo "2023"]
[BlackElo "1500"]
[TimeControl "300"]
[EndTime "3:11:08 PDT"]
[Termination "Game drawn by agreement"]

1. e4 b6 2. d4 Bb7 3. Nc3 e6 4. Nf3 c5 5. dxc5 Bxc5 6. Bf4 h6 7. Bd6 Bxd6 8. Qxd6 Qe7 9. Qxe7+ Nxe7 10. O-O-O O-O 11. Ne5 Rd8 12. Bb5 d6 13. Nf3 Bc6 14. Bxc6 Nbxc6 15. Rhe1 f6 16. Nd4 Nxd4 17. Rxd4 Nc6 18. Rd2 Rd7 19. Red1 Rad8 20. Nb5 d5 21. exd5 exd5 22. Nd4 Nxd4 23. Rxd4 Kf7 24. c4 Ke6 25. cxd5+ Rxd5 26. Re1+ Kf7 27.
Rxd5 Rxd5 28. Rd1 Rxd1+ 29. Kxd1 Ke6 30. Ke2 g5 31. g4 f5 32. f3 f4 33. b4 Kd5 34.
Kd3 b5 35. a3 a6 36. Kc3 Ke5 37. Kd3 Kd5 38. h3 Ke5 39. Kc3 Kd5 1/2-1/2

[Event "Live Chess"]
[Site "Chess.com"]
[Date "2024.06.02"]
[Round "-"]
[White "TC2304"]
[Black "upoe610"]
[Result "1-0"]
[WhiteElo "2348"]
[BlackElo "2135"]
[TimeControl "300"]
[EndTime "3:11:40 PDT"]
[Termination "TC2304 won by resignation"]

1. d4 Nf6 2. Nf3 c5 3. d5 b5 4.
a4 b4 5. Nbd2 g6 6. e4 d6 7. Bb5+ Bd7 8. O-O Bg7 9. Re1 O-O 10.
h3 Qb6 11. Nc4 Qc7 12. Bf4 a6 13. Bxd7 Nbxd7 14. Qd2 Nb6 15. Nxb6 Qxb6 16. Bh6 Rfb8 17. Bxg7 Kxg7 18. b3 a5 19. Qf4 c4 20. Nd2 cxb3 21.
cxb3 Rc8 22. Nc4 Qd4 23. Rad1 Qc3 24. Re3 Qc2 25. Rdd3 Rab8 26. Qf3 Nd7 27. Rd2 Qc1+ 28. Rd1 Qc2 29. Qe2 Qxe2 30. Rxe2 Rxc4 31. bxc4 Ne5 32. Rc2 b3 33. Rc3 Rb4 34. Rb1 b2 35. c5 dxc5 36.
Rxc5 Nc4 37. Rxc4 Rxc4 38. Rxb2 Rxa4 39. f3 Kf6 40. Rb7 h5 41. h4 e6 42. dxe6 Kxe6 43. Kh2 Ra2 44. Kg3 a4 45. Ra7 a3 46. Kf4 f6 47.
Ra6+ Kf7 48. g3 Ra1 49. Ra7+ Kg8 50. Ra6 Kg7 51. Ra7+ Kh6 52. e5 fxe5+ 53. Kxe5 Re1+ 54. Kf4 Ra1 55. g4 hxg4 56. fxg4 Rf1+ 57. Kg3 Rg1+ 58.
Kf3 Rf1+ 59. Kg2 Ra1 60. Kh3 Rh1+ 61. Kg3 Rg1+ 62. Kf4 Rf1+ 63. Ke3 Rh1 64. Kf3 Rxh4 65. Kg3 Rh1 66. Rxa3 Rg1+ 67. Kf4 g5+ 68. Ke5 Rxg4 69. Kf5 Rf4+ 70. Ke5 Kh5 71. Ra1 Kg4 72. Rg1+ Kh4 73.
Rh1+ Kg4 74. Rg1+ Kh5 75. Rh1+ Kg6 76. Rg1 Kh5 77. Rh1+ Rh4 78. Rg1 Rh2 79. Ke4 Kh4 80. Kf3 Ra2 81. Rh1+ 1-0

[Event "Live Chess"]
[Site "Chess.com"]
[Date "2024.06.02"]
[Round "-"]
[White "AlanBstard10"]
[Black "MagnersCarlsberg2870"]
[Result "1/2-1/2"]
[WhiteElo "1233"]
[BlackElo "1782"]
[TimeControl "300"]
[EndTime "3:12:36 PDT"]
[Termination "Game drawn by repetition"]

1. b4 e6 2. Bb2 Nf6 3. a3 c5 4. c3 d5 5. bxc5 Bxc5 6. d4 Bd6 7. e3 Nc6 8. Nd2 Bd7 9. Ngf3 h5 10. Be2 Rc8 11. a4 Ng4 12. Ba3 Qe7 13. Bxd6 Qxd6 14. O-O e5 15. dxe5 Ncxe5 16. Nxe5 Qxe5 17.
Bxg4 hxg4 18. f4 Qxe3+ 19. Rf2 Qxc3 20. Re2+ Kf8 21. Qb1 Qd4+ 22. Kh1 f6 23. Qd1 Kf7 24. Re1 Rxh2+ 25. Kxh2 Rh8+ 26. Kg3 Qd3+ 27. Kf2 g3+ 28. Kg1 Qh7 29. Kf1 Qh1+ 30. Ke2 Qxg2+ 31. Ke3 Qf2+ 32. Kd3 Rc8 33. Qh5+ Kg8 34. Rh1 g2 35. Qh7+ Kf7 36. Qh5+ Kg8 37. Qh7+ Kf7 38. Qh5+ Kg8 1/2-1/2

[Event "Live Chess"]
[Site "Chess.com"]
[Date "2024.06.02"]
[Round "-"]
[White "WeakOldFinished"]
[Black "CarmelJane"]
[Result "1-0"]
[WhiteElo "2156"]
[BlackElo "2058"]
[TimeControl "300"]
[EndTime "3:12:45 PDT"]
[Termination "WeakOldFinished won by resignation"]

1. d4 g6 2. e4 Bg7 3. c3 d5 4.
exd5 Qxd5 5. Nf3 Bg4 6. Nbd2 c5 7. Bc4 Qd6 8. Bxf7+ Kxf7 9. Ng5+ Ke8 10. Qxg4 Nd7 11.
Nde4 Qd5 12. Nxc5 Nxc5 13. dxc5 Nf6 14. Qe6 Qxg2 15. Rf1 Nh5 16. Be3 h6 17. Qxg6+ Kd8 18. O-O-O+ Kc7 19. Ne6+ 1-0

[Event "Live Chess"]
[Site "Chess.com"]
[Date "2024.06.02"]
[Round "-"]
[White "Isambard_Thomas"]
[Black "Queensandpawns"]
[Result "1-0"]
[WhiteElo "2179"]
[BlackElo "2247"]
[TimeControl "300"]
[EndTime "3:13:06 PDT"]
[Termination "Isambard_Thomas won by resignation"]

1. d4 e5 2. Nf3 e4 3. Ne5 d5 4. e3 f6 5. Qh5+ Ke7 6. Qf7+ Kd6 7. b3 fxe5 8. Ba3+ Kc6 9. Qxf8 Qxf8 10. Bxf8 h5 11.
Bxg7 Rh7 12. Bxe5 Nd7 13. Bf4 Nb6 14. Nd2 Be6 15. Rc1 Kd7 16. c4 c6 17. c5 Nc8 18.
f3 exf3 19. Nxf3 Nce7 20. Ne5+ Kc8 21. Bd3 Rg7 22. O-O Nf6 23. Nf3 Ne4 24. Bxe4 dxe4 25. Ng5 Bd5 26. h4 Kd7 27. Be5 Rg6 28. Rf4 Rag8 29.
Rcf1 b6 30. Bd6 bxc5 31. dxc5 Nc8 32. R1f2 Nxd6 33. cxd6 Kxd6 34. Nxe4+ Ke5 35. Ng5 Kd6 36. Rf6+ Rxf6 37. Rxf6+ Kc5 38. e4 1-0

[Event "Live Chess"]
[Site "Chess.com"]
[Date "2024.06.02"]
[Round "-"]
[White "aleksl1977"]
[Black "WilliamofOrange16th"]
[Result "0-1"]
[WhiteElo "1315"]
[BlackElo "1985"]
[TimeControl "300"]
[EndTime "3:13:09 PDT"]
[Termination "WilliamofOrange16th won by resignation"]

1. e4 d6 2. d4 Nf6 3. Nc3 Nbd7 4. Nf3 e5 5. Bg5 c6 6. Bc4 Be7 7. O-O O-O 8. a3 exd4 9. Nxd4 Nc5 10. Re1 Qc7 11.
b4 Ne6 12. Nxe6 fxe6 13. f3 d5 14. exd5 exd5 15. Bd3 Bd6 16. g3 Bd7 17. Kg2 Be5 18. Qd2 a6 19. Re2 Rae8 20. Rae1 Bd4 21. Rxe8 Rxe8 22. Rxe8+ Bxe8 23. Ne2 Be5 24. Nf4 Bf7 25. c3 Qd6 26. Qe3 Nd7 27. Bc2 Bf6 28. Bxf6 Nxf6 29. Qd3 g6 30. Qe3 Nd7 31. Nh3 Qe5 32. Kf2 Kg7 33.
Ng5 Qxe3+ 34. Kxe3 Ne5 35. Nxf7 Kxf7 36. Bd3 Kf6 37. h3 g5 38. f4 gxf4+ 39. gxf4 Nxd3 40. Kxd3 Kf5 41. Ke3 h5 42. h4 Kg4 43. f5 Kxf5 44. Kf3 b6 45. a4 a5 46. bxa5 bxa5 47. Kg3 Ke4 0-1

[Event "Live Chess"]
[Site "Chess.com"]
[Date "2024.06.02"]
[Round "-"]
[White "AlexanderMatlak"]
[Black "matt1979"]
[Result "1-0"]
[WhiteElo "2390"]
[BlackElo "1408"]
[TimeControl "300"]
[EndTime "3:13:11 PDT"]
[Termination "AlexanderMatlak won by resignation"]

1. e4 d6 2. d4 Nf6 3. Nc3 Nbd7 4.
Bc4 e5 5. Nf3 Be7 6. Bxf7+ Kxf7 7. Ng5+ Kg8 8. Ne6 Qe8 9. Nxc7 Qg6 10. O-O Nb6 11. Nxa8 Bh3 12. Qf3 Bg4 13. Qd3 Kf7 14.
Nxb6 axb6 15. dxe5 dxe5 16. Nd5 Nxd5 17. exd5 Bf5 18.
Qb3 Bd6 19. f4 Bc5+ 20. Be3 Bd6 21. fxe5 Bxe5 22. d6+ Qe6 23. Rxf5+ 1-0

[Event "Live Chess"]
[Site "Chess.com"]
[Date "2024.06.02"]
[Round "-"]
[White "Cimon"]
[Black "GwaryTek"]
[Result "1-0"]
[WhiteElo "1828"]
[BlackElo "1863"]
[TimeControl "300"]
[EndTime "3:13:12 PDT"]
[Termination "Cimon won on time"]

1. d4 Nf6 2. Nf3 d6 3. c4 Nbd7 4. Nc3 e5 5. e4 Be7 6. h3 c6 7.
Be3 O-O 8. Qc2 a6 9. Be2 b5 10. b3 Bb7 11. d5 bxc4 12. bxc4 cxd5 13. exd5 Rc8 14. Rb1 Ba8 15. O-O g6 16. Rfd1 Nh5 17. Na4 f5 18. Bc1 Nc5 19. Nxc5 Rxc5 20. Ba3 Rc8 21.
Qa4 Nf4 22. Bf1 g5 23. c5 g4 24. hxg4 fxg4 25. Nh2 Bh4 26. g3 Bg5 27. Nxg4 Ng6 28. c6 h5 29. Nh2 Qf6 30. Rb2 e4 31.
Qxe4 Ne5 32. f4 1-0

[Event "Live Chess"]
[Site "Chess.com"]
[Date "2024.06.02"]
[Round "-"]
[White "wadsy27"]
[Black "bill77678"]
[Result "1-0"]
[WhiteElo "2573"]
[BlackElo "1839"]
[TimeControl "300"]
[EndTime "3:13:18 PDT"]
[Termination "wadsy27 won by resignation"]

1. d4 d5 2. c4 e6 3. Nf3 Nf6 4. cxd5 exd5 5. Nc3 c6 6. Bg5 h6 7. Bh4 Be7 8. e3 O-O 9. Bd3 Re8 10. Qc2 Ne4 11.
Bxe7 Qxe7 12. Bxe4 dxe4 13. Nd2 Bf5 14. O-O Nd7 15.
f3 Nf6 16. fxe4 Bxe4 17. Ndxe4 Nxe4 18. Rf3 Ng5 19. Rg3 Rad8 20. Rf1 Ne4 21. Nxe4 Qxe4 22. Qb3 Re7 23. Rgf3 Qd5 24. Qa3 Qg5 25. Qxa7 Rde8 26. Qc5 Qxc5 27. dxc5 f6 28. Kf2 Re5 29. Rc1 Rd8 30.
Rc2 Rdd5 31. b4 Rd3 32. Rb2 Ra3 33. e4 Ra4 34. Re3 Re8 35. a3 Rea8 36. Rbb3 Kf7 37. Kf3 Ke6 38. Kf4 Rd8 39. h4 g5+ 40. Kg4 Raa8 41. Rbd3 Rxd3 42. Rxd3 Ke5 43. hxg5 hxg5 44. Rd7 Kxe4 45. Re7+ Kd5 46. Rxb7 Rxa3 47. Kf5 Rg3 48.
Kxf6 Rxg2 49. Rg7 g4 50. Ke7 g3 51. Kd7 Rb2 52. Rxg3 1-0

[Event "Live Chess"]
[Site "Chess.com"]
[Date "2024.06.02"]
[Round "-"]
[White "WorcesterYork"]
[Black "Vladyslav2008"]
[Result "0-1"]
[WhiteElo "2465"]
[BlackElo "2282"]
[TimeControl "300"]
[EndTime "3:13:20 PDT"]
[Termination "Vladyslav2008 won by checkmate"]

1. d3 Nf6 2. Nd2 d5 3. Ngf3 Nc6 4. g3 e5 5. Bg2 Be6 6. O-O Qd7 7. Ng5 Bg4 8. h3 Bh5 9. g4 Bg6 10. e4 d4 11. Nc4 h5 12. f3 O-O-O 13. a4 Ng8 14. f4 f6 15. f5 Bf7 16. Nxf7 Qxf7 17. g5 fxg5 18. Bxg5 Be7 19. h4 Nf6 20. Bf3 Kb8 21.
Kg2 g6 22. Be2 gxf5 23. Rxf5 Qg6 24. Kh3 Ng4 25. Bxg4 Bxg5 26. Rxg5 hxg4+ 27. Qxg4 Qf6 28. Rf5 Qe7 29. Rg1 a6 30. Qg5 Qb4 31. Nxe5 Nxe5 32. Rxe5 Qxb2 33. Rc5 Qb4 34. Qe5 Rh7 35. Rd5 Rdh8 36.
h5 Qd2 37. Rg7 Qe3+ 38. Rg3 Qe2 39. Kh4 Qh2+ 40. Rh3 Rxh5+ 41. Qxh5 Rxh5+ 42. Rxh5 Qf4# 0-1